 Dungeon Crawl Stone Soup version 0.27-a0-808-g60bc5d92e6 (webtiles) character file.

Game seed: 7927651353402358252

65 funkygono the Magician (level 4, -5/31 HPs)
             Began as a Djinni Fire Elementalist on Mar 28, 2021.
             Slain by Terence
             ... wielding a +0 flail
              (6 damage)
             ... on level 2 of the Dungeon.
             The game lasted 00:04:27 (2144 turns).

funkygono the Magician (Djinni Fire Elementalist)   Turns: 2144, Time: 00:04:28

Health: -5/31      AC:  3    Str:  7    XL:     4   Next: 14%
Gold:   40         EV: 12    Int: 17    God:
                   SH:  0    Dex: 14

rFire    + + .     SeeInvis .   c - +0 dagger
rCold    x . .     Faith    .   (no shield)
rNeg     . . .     Spirit   .   a - +0 robe
rPois    ∞         Reflect  .   e - +0 helmet
rElec    .         Harm     .   (no cloak)
rCorr    .         Rampage  .   (no gloves)
Will     .....                  (boots unavailable)
Stlth    ++........             (no amulet)
HPRegen  0.10/turn              (no ring)
MPRegen  0.00/turn              (no ring)

@: flying
A: fire resistance 2, cold vulnerability 1, float, innate caster, hp casting,
extra vitality 1
a: no special abilities


You were on level 2 of the Dungeon.
You visited 1 branch of the dungeon, and saw 2 of its levels.

You collected 40 gold pieces.

Inventory:

Hand Weapons
 c - a +0 dagger (weapon)
Armour
 a - a +0 robe (worn)
 b - a +0 scale mail
 e - a +0 helmet (worn)
Wands
 d - a wand of random effects (9)
 f - a wand of flame (16)
Scrolls
 h - a scroll of identify
Potions
 g - a potion of degeneration


   Skills:
 + Level 2.4 Dodging
 - Level 1.5 Stealth
 * Level 4.1 Spellcasting


You couldn't memorise any spells.
You knew the following spells:

 Your Spells              Type           Power      Damage    Failure   Level
a - Foxfire               Conj/Fire      68%        2x1d7     2%          1
b - Conjure Flame         Conj/Fire      17%        6-21      9%          3
c - Inner Flame           Hex/Fire       17%        N/A       9%          3
d - Sticky Flame          Conj/Fire      17%        2d4       28%         4
e - Fireball              Conj/Fire      8%         3d6       61%         5
f - Summon Small Mammal   Summ           68%        N/A       2%          1
Your spell library was empty.

Dungeon Overview and Level Annotations

Branches:
Dungeon (2/15)

Altars:

Annotations:
D:2 Terence


Innate Abilities, Weirdness & Mutations

You are immune to poison.
Your flesh is very heat resistant. (rF++)
You are vulnerable to cold. (rC-)
You float through the air rather than walking.
You learn spells naturally, not from books.
Your magical power is your life essence.
You have superior vitality. (+4 HP)


Message History

You feel better.
The foxfire hits Terence.
Terence is moderately wounded.
The foxfire hits Terence but does no damage.
Terence is moderately wounded.
Terence hits you with a +0 flail.
Unknown command.
Unknown command.
As you read the scroll labelled GOPHIPSUAGA, it crumbles to dust.
It is a scroll of identify.
g - a potion of degeneration Terence misses you.
Casting: Foxfire (safe; 2% risk of failure)
Confirm with . or Enter, or press ? or * to list all spells.
You conjure some foxfire!
Terence hits you with a +0 flail.
The foxfire hits Terence.
Terence is moderately wounded.
The foxfire hits Terence.
Terence is heavily wounded.
Terence bares his teeth.
Casting: Foxfire (safe; 2% risk of failure)
Confirm with . or Enter, or press ? or * to list all spells.
You conjure some foxfire!
Terence barely misses you.
Your foxfire dissipates!
The foxfire hits Terence but does no damage.
Terence is heavily wounded.
Casting: Foxfire (safe; 2% risk of failure)
Confirm with . or Enter, or press ? or * to list all spells.
You conjure some foxfire!
Terence completely misses you.
The foxfire hits Terence but does no damage.
Terence is heavily wounded.
The foxfire hits Terence but does no damage.
Terence is heavily wounded.
Terence hits you with a +0 flail!
* * * LOW HITPOINT WARNING * * *
Casting: Foxfire (safe; 2% risk of failure)
Confirm with . or Enter, or press ? or * to list all spells.
You conjure some foxfire!
* * * LOW HITPOINT WARNING * * *
Terence hits you with a +0 flail.
You die...

## #### #. #.<# #.
#..# ####### #. #..#
#.....# ## #v§#
#.###.# #v@# #.#
#.#### #@(# #.#
#....#
###########..# #.#
####.#####
#............# #.#
#.#....
#.##########.# #.#
#.#.### #.#
..#.#.#.# #......
#.# #.#.#.#.#
###.### #.#
#.#.#.#.# #.### #.#
#.#.#.#.########....


You could see Terence (ally target).

Vanquished Creatures
  Robin (D:2)
  A worm (D:2)
  3 ball pythons (D:1)
  2 bats
  2 endoplasms (D:1)
  3 giant cockroaches
  14 goblins
  5 hobgoblins (D:2)
  3 jackals (D:1)
  2 quokkas
  3 frilled lizards
  2 kobolds
  5 rats
46 creatures vanquished.

Vanquished Creatures (others)
  128 foxfires
128 creatures vanquished.

Grand Total: 174 creatures vanquished

Notes
Turn   | Place    | Note
-------+----------+-------------------------------------------
     0 | D:1      | funkygono the Djinni Fire Elementalist began the quest for
                  | the Orb.
     0 | D:1      | Reached XP level 1. HP: 15/15 MP: 0/0
   101 | D:1      | Reached skill level 3 in Spellcasting
   300 | D:1      | Reached XP level 2. HP: 19/21 MP: 0/0
   757 | D:1      | Reached XP level 3. HP: 23/25 MP: 0/0
   757 | D:1      | Learned a level 1 spell: Summon Small Mammal
  1433 | D:2      | Noticed Robin
  1694 | D:2      | Killed Robin
  1695 | D:2      | Reached skill level 4 in Spellcasting
  1695 | D:2      | Reached XP level 4. HP: 16/31 MP: 0/0
  2100 | D:2      | Noticed Terence
  2144 | D:2      | Slain by Terence

Illustrated notes

Levels and vault maps discovered:
D:1:      saegor_arrival_simple_d, layout_rooms
D:2:      layout_basic, minmay_misc_feat_more_columns, uniq_sigmund, uniq_robin,
          uniq_terence

Skill      XL: |  1  2  3 |
---------------+----------+-----
Spellcasting   | 3 4 |  4.1
Dodging        | |  2.4
Stealth        | |  1.5

Action                   |  1- 3 |  4- 6 || total
-------------------------+-------+-------++-------
 Cast: Foxfire           |    64 |    12 ||    76
  Use: Scroll            |     2 |     1 ||     3
       Potion            |     1 |     1 ||     2
Armor: Robe              |     3 |       ||     3
Dodge: Dodged            |    18 |     5 ||    23

Table legend: (Time is in decaauts)
 A = Elapsed time spent in this place.
 B = Non-inter-level travel time spent in this place.
 C = Inter-level travel time spent in this place.
 D = Time resting spent in this place.
 E = Time spent auto-exploring this place.
 F = Levels seen in this place.
 G = Mean time per level.
                   A        B        C        D        E       F      G
               +--------+--------+--------+--------+--------+-----+--------+
         Total |   2143 |   2116 |     27 |      0 |   1766 |   2 | 1071.5 |
       Dungeon |   2143 |   2116 |     27 |      0 |   1766 |   2 | 1071.5 |
               +--------+--------+--------+--------+--------+-----+--------+

Top non-repeatable levels by time:
     D:2: 1273 daAuts
     D:1: 869 daAuts
